 Dungeon Crawl Stone Soup version 0.31.0-1-g2c135a0 (webtiles) character file.

Game seed: 13500623843616320308

2704 reshaube the Cleaver (level 9, -11/81 HPs)
             Began as a Minotaur Gladiator on Feb 9, 2024.
             Was a Believer of Jiyva.
             Mangled by a death yak (16 damage)
             ... on level 8 of the Dungeon on Feb 10, 2024.
             The game lasted 00:30:58 (6196 turns).

reshaube the Cleaver (Minotaur Gladiator)           Turns: 6196, Time: 00:31:01

Health: -11/81     AC: 17    Str: 23    XL:     9   Next: 39%
Magic:  7/8        EV: 14    Int:  5    God:    Jiyva [**....]
Gold:   378        SH:  5    Dex: 12    Spells: 8/8 levels left

rFire   . . .        v - +3 hand axe (heavy)
rCold   . . .        (no shield)
rNeg    . . .        F - +0 chain mail
rPois   .            c - +0 hat
rElec   .            z - +2 cloak
rCorr   +            (no gloves)
SInv    .            i - +2 pair of boots
Will    .....        o - amulet of reflection Stlth
                     y - +4 ring of slaying
HPRegen 1.29/turn    (no ring)
MPRegen 0.59/turn

%: reflection
@: calling ooze
A: horns 2, retaliatory headbutt, wild magic 1, gelatinous body 3
a: Renounce Religion


You were on level 8 of the Dungeon.
You worshipped Jiyva.
Jiyva was pleased with you.
You visited 1 branch of the dungeon, and saw 8 of its levels.

You collected 378 gold pieces.

Inventory:

Hand Weapons
 a - a +0 war axe
 v - a +3 heavy hand axe (weapon)
Missiles
 d - a throwing net
 e - 3 javelins
 h - 58 stones (quivered)
 q - 10 poisoned darts
Armour
 b - a +0 leather armour
 c - a +0 hat (worn)
 i - a +2 pair of boots (worn)
 r - a +0 ring mail of cold resistance
 x - a +0 scale mail
 z - a +2 cloak (worn)
 F - a +0 chain mail (worn)
Magical Staves
 f - a staff of cold
 G - a staff of conjuration
Jewellery
 o - an amulet of reflection (around neck)
 y - a +4 ring of slaying (left hand)
 C - a ring of see invisible
Wands
 E - a wand of iceblast (6)
Scrolls
 j - 5 scrolls of enchant armour
 l - a scroll of fear
 m - 3 scrolls of teleportation
 w - 2 scrolls of immolation {unknown}
 D - a scroll of fog
 I - a scroll of acquirement {unknown}
Potions
 g - 2 potions of attraction
 k - a potion of mutation
 n - 2 potions of brilliance
 p - a potion of berserk rage {unknown}
 s - 2 potions of heal wounds {unknown}
 t - a potion of haste {unknown}
 u - 3 potions of lignification
 A - 2 potions of invisibility
 B - a potion of degeneration {unknown}
 H - a potion of curing {unknown}


   Skills:
 + Level 8.1 Fighting
 + Level 8.6 Axes
 + Level 6.7 Throwing
 + Level 7.8 Dodging


You had 8 spell levels left.
You didn't know any spells.
Your spell library contained the following spells:

 Spells                   Type           Power      Damage    Failure   Level
 Fugue of the Fallen      Necr           0%         N/A       100%        3
 Ozocubu's Armour         Ice            0%         N/A       100%        3
 Manifold Assault         Tloc           0%         N/A       100%        4


Dungeon Overview and Level Annotations

Branches:
Dungeon (8/15)             Temple (0/1) D:7            Lair (0/5) D:8

Altars:
Cheibriados
Elyvilon
Makhleb
Okawaru
Ru
Sif Muna
Yredelemnul
Jiyva

Shops:
D:2 [

Portals:
Abyss: D:3

Annotations:
D:3 2 transporters, IAmTheZeppo's ghost, amateur DrHs


Innate Abilities, Weirdness & Mutations

You have a pair of horns on your head.
You reflexively headbutt those who attack you in melee.
Your spells are a little harder to cast, but a little more powerful.
Your gelatinous body deflects attacks. (AC +3, EV +3)


Message History

You headbutt the death yak! The death yak barely misses you.
You hit the death yak.
You headbutt the death yak, but do no damage.
The death yak is lightly wounded.
You hit the death yak but do no damage. x2; The death yak gores you! x2
The death yak gores you but does no damage.
You hit the death yak but do no damage.
You headbutt the death yak, but do no damage.
The death yak is lightly wounded.
You slice the death yak!! You slash the death yak!
The death yak barely misses you. The death yak misses you.
You furiously retaliate!
You headbutt the death yak.
The death yak gores you but does no damage.
The death yak closely misses you.
The death yak gores you but does no damage.
The death yak gores you!!
Activating: Oozemancy (32% risk of failure)
Press: ? - help, Dir - look around, f - activate Slime begins to ooze from the nearby walls!
Jiyva will no longer mutate your body.
You can no longer call acidic ooze from nearby walls.
The bullfrog hits you but does no damage.
The death yak gores you! The death yak misses you. The death yak gores you.
You slash the death yak!
The death yak is moderately wounded.
You barely miss the bullfrog. You barely miss the death yak.
You hit the death yak.
The bullfrog hits you but does no damage.
The death yak closely misses you. The death yak gores you!
* * * LOW HITPOINT WARNING * * *
The bullfrog completely misses you. You furiously retaliate!
You headbutt the bullfrog. The death yak gores you!
* * * LOW HITPOINT WARNING * * *
You slash the death yak!
The death yak is heavily wounded.
You barely miss the death yak. You hit the death yak. You slash the bullfrog!
The bullfrog hits you but does no damage.
The death yak closely misses you. You block the death yak's attack.
The death yak gores you!
You die...

#########
#######..†....#
#..?.....@Y..!#
###.......FYY†..#
................#
####...........####
#...............#
.................#
.................#
#...............#
#..............#


You could see 3 death yaks and a bullfrog.

Vanquished Creatures
  A hornet (D:7)
  Eustachio (D:5)
  5 yaks (D:8)
  The ghost of Biscolet the Trooper, an amateur DsFi (D:4)
  A water moccasin (D:5)
  3 sky beasts
  An ice beast (D:4)
  2 phantoms
  2 bullfrogs (D:7)
  2 scorpions
  4 howler monkeys (D:8)
  2 jellies
  2 hounds (D:5)
  An orc priest (D:5)
  A gnoll bouda (D:7)
  3 sleepcaps
  An orc wizard (D:7)
  5 iguanas
  11 gnolls
  4 adders
  2 ribbon worms
  20 orcs
  8 endoplasms
  3 giant cockroaches
  16 goblins
  16 hobgoblins
  3 jackals (D:4)
  10 kobolds
  3 quokkas
  5 ball pythons
  3 bats
  4 rats
146 creatures vanquished.

Vanquished Creatures (others)
  An ogre (D:6)
  A centaur (D:7)
  5 jellies
  2 orc wizards (D:7)
  An adder (D:6)
  2 orcs
12 creatures vanquished.

Grand Total: 158 creatures vanquished

Notes
Turn   | Place    | Note
-------+----------+-------------------------------------------
     0 | D:1      | reshaube the Minotaur Gladiator began the quest for the
                  | Orb.
     0 | D:1      | Reached XP level 1. HP: 18/18 MP: 0/0
   135 | D:1      | Reached XP level 2. HP: 22/25 MP: 1/1
  1108 | D:2      | Reached XP level 3. HP: 31/31 MP: 2/2
  1440 | D:2      | Found Plog's Armour Shoppe.
  1965 | D:3      | Found a transporter.
  1996 | D:3      | Reached XP level 4. HP: 38/38 MP: 3/3
  2269 | D:3      | Found a one-way gate to the infinite horrors of the Abyss.
  2269 | D:3      | Noticed IAmTheZeppo's ghost (amateur DrHs)
  2398 | D:3      | Found a transporter.
  2400 | D:3      | Noticed a small abomination
  2475 | D:3      | Found a faded altar of an unknown god.
  2941 | D:4      | Noticed an ice beast
  2952 | D:4      | Killed an ice beast
  2953 | D:4      | Reached XP level 5. HP: 46/46 MP: 4/4
  3146 | D:4      | Found a runed translucent door.
  3146 | D:4      | Noticed Biscolet's ghost (amateur DsFi)
  3307 | D:4      | Reached skill level 5 in Axes
  3357 | D:4      | Reached XP level 6. HP: 33/53 MP: 5/5
  3878 | D:4      | Reached skill level 5 in Dodging
  3913 | D:4      | Killed Biscolet's ghost
  3914 | D:4      | Reached skill level 5 in Fighting
  3914 | D:4      | Reached XP level 7. HP: 61/61 MP: 6/6
  3946 | D:5      | Entered Level 5 of the Dungeon
  4159 | D:5      | Noticed Eustachio
  4173 | D:5      | Killed Eustachio
  4280 | D:5      | Reached skill level 5 in Throwing
  4280 | D:5      | Reached XP level 8. HP: 63/70 MP: 7/7
  4544 | D:5      | Found a snail-covered altar of Cheibriados.
  4723 | D:5      | Found a basalt altar of Yredelemnul.
  4723 | D:5      | Found a shimmering blue altar of Sif Muna.
  4731 | D:5      | Found a faded altar of an unknown god.
  4736 | D:5      | Found a faded altar of an unknown god.
  4738 | D:5      | Found a white marble altar of Elyvilon.
  4836 | D:5      | Prayed at the altar of an unknown god.
  4836 | D:5      | Became a worshipper of Jiyva Jedd the Shapeless
  4836 | D:5      | Reached * piety under Jiyva
  5167 | D:6      | Reached ** piety under Jiyva
  5358 | D:7      | Noticed a hornet
  5514 | D:7      | Found a burning altar of Makhleb.
  5523 | D:7      | Found a sacrificial altar of Ru.
  5567 | D:7      | Found an iron altar of Okawaru.
  5619 | D:7      | Found a staircase to the Ecumenical Temple.
  5625 | D:7      | Killed a hornet
  5727 | D:7      | Reached *** piety under Jiyva
  5727 | D:7      | Gained mutation: Your rubbery body absorbs attacks. (AC +1,
                  | EV +1) [Jiyva's grace]
  5727 | D:7      | Gained mutation: Your pliable body absorbs attacks. (AC +2,
                  | EV +2) [Jiyva's grace]
  5727 | D:7      | Gained mutation: Your gelatinous body deflects attacks. (AC
                  | +3, EV +3) [Jiyva's grace]
  5727 | D:7      | Gained mutation: Your spells are a little harder to cast,
                  | but a little more powerful. [Jiyva's grace]
  6161 | D:8      | Noticed a death yak
  6162 | D:8      | Found a staircase to the Lair.
  6184 | D:8      | Noticed a death yak
  6186 | D:8      | Noticed a death yak
  6187 | D:8      | Reached XP level 9. HP: 78/79 MP: 8/8
  6195 | D:8      | HP: 4/81 [death yak (15)]
  6196 | D:8      | Mangled by a death yak

Illustrated notes

Levels and vault maps discovered:
D:1:      dpeg_arrival_central, layout_basic
D:2:      layout_loops_cross, serial_shops, shop, kennysheep_minor_cross
D:3:      layout_basic, basic_ecumenical_altar, gammafunk_ghost_abyssal_escape
D:4:      corexii_shantytown, layout_basic, hellmonk_ghost_happy_afterlife,
          sigmund_army
D:5:      layout_cave_pools, slow_altar_1, chequers_temple_overflow_minitemple,
          uniq_eustachio
D:6:      layout_basic
D:7:      layout_rooms, mainiacjoe_overflow_24_doors,
          mainiacjoe_overflow_large_starburst, minmay_temple_entry_waves,
          serial_co_window_serial, co_window_paths_a, co_window_cross_1,
          co_window_paths_b, co_window_corner_a, co_window_corner_a,
          co_window_paths_b, co_window_of_opportunity_a, co_window_paths_a,
          co_window_of_opportunity_a, co_window_paths_c, co_window_broadway_a,
          co_window_corner_b, co_window_broadway_b, co_window_corner_b
D:8:      layout_rooms, nicolae_dithmenos_shadow_blocks, dpeg_lair_monsters,
          uniq_maggie

Skill      XL: |  1  2  3  4  5  6  7  8  9 |
---------------+----------------------------+-----
Axes           | 4 5 6 8 |  8.6
Fighting       | 3 4 5 6 7 8 |  8.1
Dodging        | 4 5 6 7 |  7.8
Throwing       | 3 4 5 6 |  6.7

Action                     |  1- 3 |  4- 6 |  7- 9 || total
---------------------------+-------+-------+-------++-------
  Melee: War axe           |    80 |     6 |       ||    86
         Headbutt          |    10 |     9 |    23 ||    42
         Hand axe          |       |    86 |    86 ||   172
  Throw: Throwing net      |     3 |       |       ||     3
         Stone             |     1 |     1 |     1 ||     3
 Invoke: Oozemancy         |       |       |     2 ||     2
    Use: Scroll            |       |     9 |     3 ||    12
 Armour: Leather armour    |    37 |       |       ||    37
         Ring mail         |    12 |     9 |       ||    21
         Scale mail        |       |    51 |    11 ||    62
         Chain mail        |       |       |    80 ||    80
  Dodge: Dodged            |    51 |    57 |    56 ||   164
  Block: Other             |       |    15 |    23 ||    38
         Reflection        |       |     1 |       ||     1
